 Dungeon Crawl Stone Soup version 0.21.0-24-g2553a33 (webtiles) character file.

27204 Mgcat the Fighter (level 13, -7/112 HPs)
             Began as a Demonspawn Fighter on Jan 19, 2018.
             Was a High Priest of Trog.
             Mangled by a two-headed ogre
             ... wielding a +0 giant spiked club
              (16 damage)
             ... on level 12 of the Dungeon.
             The game lasted 00:51:28 (17504 turns).

Mgcat the Fighter (Demonspawn Fighter)             Turns: 17504, Time: 00:51:29

Health: -7/112     AC: 21    Str: 17    XL:     13   Next: 3%
Magic:  13/13      EV: 11    Int: 14    God:    Trog [*****.]
Gold:   409        SH:  0    Dex: 17    Spells: 12/12 levels left

rFire    + + .     SeeInvis .   b - +7 great mace "Firestarter" {inner flame, rF++}
rCold    + + .     Gourm    +   (shield currently unavailable)
rNeg     . . .     Faith    .   w - +4 scale mail "Zovixo" {rC+ Int+4}
rPois    .         Spirit   .   I - +2 helmet
rElec    .         Reflect  .   (no cloak)
rCorr    .         Harm     .   r - +2 pair of gloves
MR       +++..                  (boots unavailable)
Stlth    ..........             o - amulet of the gourmand
HPRegen  1.28/turn              n - ring of protection from magic
MPRegen  0.13/turn              x - +2 ring of slaying

@: berserk cooldown, regenerating, slowed, very slow
A: talons 3, rugged brown scales 1, cold resistance 1, foul stench 2, rot
immunity
a: Berserk, Trog's Hand, Brothers in Arms, Burn Spellbooks, Renounce Religion


You were on level 12 of the Dungeon.
You worshipped Trog.
Trog was extremely pleased with you.
You were very full.

You visited 2 branches of the dungeon, and saw 14 of its levels.
You also visited: Ossuary.

You collected 957 gold pieces.
You spent 548 gold pieces at shops.

Inventory:

Hand Weapons
 b - the +7 great mace "Firestarter" (weapon) {inner flame, rF++}
   (You took it off a fire giant on level 10 of the Dungeon)

   It has been specially enchanted to burn those struck by it, causing extra
   injury to most foes and up to half again as much damage against particularly
   susceptible opponents.
   It greatly protects you from fire.
 F - a +2 hand axe of flaming
 G - the +6 arbalest of Defence {penet, rF+ MP+9 SInv}
   (You found it on level 11 of the Dungeon)

   Ammo fired by it will pass through the targets it hits, potentially hitting
   all targets in its path until it reaches maximum range.
   It protects you from fire.
   It affects your magic capacity (+9).
   It lets you see invisible.
 K - a +0 hand axe of freezing
Missiles
 J - 39 bolts
Armour
 c - a +0 shield
 g - a +1 plate armour
 r - a +2 pair of gloves (worn)
 w - the +4 scale mail "Zovixo" (worn) {rC+ Int+4}
   (You bought it in a shop on level 2 of the Orcish Mines)

   It affects your intelligence (+4).
   It protects you from cold.
 I - a +2 helmet (worn)
Jewellery
 i - an uncursed ring of protection from magic
 k - a +3 ring of strength
 n - a ring of protection from magic (left hand)
 o - an amulet of the gourmand (around neck)
 p - an uncursed amulet of magic regeneration
 s - an uncursed amulet of rage
 x - a +2 ring of slaying (right hand)
Wands
 a - a wand of acid (7)
 y - a wand of polymorph (9)
 H - a wand of digging (21)
Scrolls
 e - 12 scrolls of teleportation
 j - 3 scrolls of enchant weapon
 l - a scroll of fog
 A - 3 scrolls of enchant armour
 B - 9 scrolls of remove curse
Potions
 d - 4 potions of flight
 m - 3 potions of ambrosia
 q - 3 potions of haste
 t - 5 potions of lignification
 v - a potion of curing
 z - 3 potions of berserk rage {unknown}
 C - 5 potions of mutation
 D - 3 potions of might
 E - a potion of invisibility {unknown}
 L - a potion of resistance {unknown}
 M - 2 potions of brilliance {unknown}
Books
 h - a book of Flames

   Spells                             Type                      Level
   a - Flame Tongue                   Conjuration/Fire             1
   b - Throw Flame                    Conjuration/Fire             2
   c - Conjure Flame                  Conjuration/Fire             3
   d - Inner Flame                    Hexes/Fire                   3
   e - Sticky Flame                   Conjuration/Fire             4
   f - Fireball                       Conjuration/Fire             5
   Trog disapproves of the use of such an item.
 u - a book of Misfortune

   Spells                             Type                      Level
   a - Confusing Touch                Hexes                        1
   b - Confuse                        Hexes                        3
   c - Gell's Gravitas                Translocation                3
   d - Petrify                        Transmutation/Earth          4
   e - Metabolic Englaciation         Hexes/Ice                    5
   f - Yara's Violent Unravelling     Hexes/Transmutation          5
   Trog disapproves of the use of such an item.
Comestibles
 f - 16 rations


   Skills:
 + Level 12.4 Fighting
 + Level 11.3 Axes
 + Level 11.5 Armour
 + Level 2.5 Dodging
 - Level 6.4 Shields


You had 12 spell levels left.
You didn't know any spells.

Dungeon Overview and Level Annotations

Branches:
Dungeon (12/15)            Temple (0/1) D:6            Lair (0/6) D:11
    Orc (2/2) D:9             Elf (0/3) Orc:2

Altars:
Ashenzari
Qazlal
Ru
Sif Muna
Trog
Xom
Yredelemnul
Zin
The Shining One

Shops:
D:4 :(%   D:9 :   Orc:1 !   Orc:2 [*([*


Innate Abilities, Weirdness & Mutations

You have claws for feet.
You are partially covered in rugged brown scales. (AC +1, +3% HP)
Your flesh is cold resistant. (rC+)
You frequently emit foul miasma when damaged in melee.
You are immune to rotting.


Message History

The two-headed ogre is engulfed in blazing flames.
You sock the two-headed ogre! You burn the two-headed ogre.
You kill the two-headed ogre!
Trog accepts your kill.
You have reached level 13!
Your demonic ancestry asserts itself...
Your feet stretch into talons.
The two-headed ogre hits you with a giant spiked club!!
The two-headed ogre hits you with a giant club!!
Unknown command.
You sock the two-headed ogre! You burn the two-headed ogre.
The two-headed ogre is filled with an inner flame.
Your kick misses the two-headed ogre.
The two-headed ogre is heavily wounded.
The two-headed ogre hits you but does no damage.
The two-headed ogre hits you with a giant club.
The two-headed ogre hits you with a giant spiked club!!
* * * LOW HITPOINT WARNING * * *
The two-headed ogre hits you with a giant club!
You die...

##### ##### ###
.##.####...#####.#
##.#..##..##.##..##
.).....#...%...#..##
......#.#.......§..#####
......#.#.......@O§.##.##
.............%...)§..#..##
....................#....##
........................#.#
.......#................#)#
........#.................##
.......#..............)....#
...#..#. #............%....#
....#.# ................#


You could see a two-headed ogre (inner flame).

Vanquished Creatures
  A fire giant (D:10)
  A catoblepas (D:11)
  5 two-headed ogres
  A centaur warrior (D:11)
  An ogre mage (D:12)
  3 orc high priests (Orc:2)
  5 orc knights (Orc:2)
  4 ugly things (D:11)
  4 orc sorcerers (Orc:2)
  A kobold demonologist (D:11)
  A komodo dragon (D:12)
  The ghost of othur the Skirmisher, an amateur CeFi (D:8)
  A blink frog (D:9)
  6 trolls
  A meliai zombie (D:10)
  A hippogriff (D:7)
  A shadow (D:12)
  A wraith (D:12)
  Sigmund (D:6)
  A vampire (D:10)
  A wyvern (D:11)
  4 fire bats
  A hungry ghost (D:7)
  A soldier ant (D:12)
  3 wargs (Orc:1)
  2 water moccasins
  The ghost of matthes123 the Digger, an amateur GrEE (D:3)
  2 hell hounds (D:11)
  20 orc warriors
  2 black bears
  2 sky beasts
  9 ice beasts
  A necrophage (D:11)
  3 phantoms
  10 ogres
  2 eyes of draining (D:12)
  A centaur (D:8)
  3 big kobolds
  12 bullfrogs
  5 scorpions
  A water moccasin skeleton (D:8)
  A howler monkey (D:4)
  4 crimson imps
  2 bullfrog skeletons
  2 centaur skeletons
  4 centaur zombies
  5 jellies
  14 orc priests
  6 hounds
  6 worker ants
  3 iguanas
  19 orc wizards
  A hound zombie (D:10)
  5 mummies (Ossuary)
  2 worker ant zombies
  Robin (D:3)
  A gnoll (D:1)
  24 adders
  A shadow imp (D:6)
  An ooze (D:2)
  2 adder skeletons
  6 worms
  4 dart slugs
  4 leopard geckos
  60 orcs
  14 bats
  5 giant cockroaches
  16 goblins
  13 hobgoblins
  16 jackals
  15 kobolds
  6 quokkas
  2 ball pythons
  6 frilled lizards
  3 goblin zombies (Ossuary)
  A kobold zombie (Ossuary)
  2 orc zombies (Ossuary)
  A quokka zombie (D:7)
  12 rats
  A spectral orc (D:8)
418 creatures vanquished.

Notes
Turn   | Place    | Note
-------+----------+-------------------------------------------
     0 | D:1      | Mgcat the Demonspawn Fighter began the quest for the Orb.
     0 | D:1      | Reached XP level 1. HP: 18/18 MP: 1/1
   151 | D:1      | Gained mutation: You are immune to rotting. [demonic ancestry]
   151 | D:1      | Reached XP level 2. HP: 24/24 MP: 2/2
   462 | D:1      | Gained mutation: You may emit foul miasma when damaged in melee. [demonic ancestry]
   462 | D:1      | Reached XP level 3. HP: 27/29 MP: 3/3
  1062 | D:2      | Noticed an ice beast
  1071 | D:2      | Killed an ice beast
  1071 | D:2      | Gained mutation: You have sharp toenails. [demonic ancestry]
  1071 | D:2      | Reached XP level 4. HP: 29/37 MP: 4/4
  1071 | D:2      | Gained mutation: You are partially covered in rugged brown scales. (AC +1, +3% HP) [demonic ancestry]
  1071 | D:2      | Reached XP level 5. HP: 29/43 MP: 5/5
  1169 | D:2      | Found a faded altar of an unknown god.
  1444 | D:2      | Reached skill level 4 in Fighting
  1739 | D:2      | Noticed a moth of wrath
  1743 | D:2      | Found a bloodstained altar of Trog.
  1784 | D:2      | Became a worshipper of Trog the Wrathful
  1997 | D:3      | Noticed Robin
  2037 | D:3      | Noticed matthes123's ghost (amateur GrEE)
  2222 | D:3      | Killed matthes123's ghost
  2222 | D:3      | Gained mutation: You have razor-sharp toenails. [demonic ancestry]
  2222 | D:3      | Reached XP level 6. HP: 50/50 MP: 6/6
  2361 | D:3      | Reached * piety under Trog
  2362 | D:3      | Killed Robin
  2993 | D:5      | Entered Level 5 of the Dungeon
  3039 | D:4      | Gained mutation: Your flesh is cold resistant. (rC+) [demonic ancestry]
  3039 | D:4      | Reached XP level 7. HP: 35/56 MP: 7/7
  3096 | D:4      | Found a sand-covered staircase.
  3105 | Ossuary  | Entered an ossuary
  3224 | Ossuary  | Reached skill level 5 in Fighting
  3365 | Ossuary  | Reached ** piety under Trog
  3503 | D:4      | Found a stormy altar of Qazlal.
  3646 | D:4      | Found Wilyonui's Antique Weapon Emporium.
  3716 | D:4      | Found Bugoivvu's Food Shop.
  3938 | D:4      | Found Qyish's Book Boutique.
  4379 | D:5      | Reached skill level 5 in Armour
  4589 | D:5      | Reached skill level 5 in Shields
  4589 | D:5      | Reached XP level 8. HP: 63/64 MP: 8/8
  5180 | D:6      | Found a staircase to the Ecumenical Temple.
  5275 | D:6      | Noticed Sigmund
  5293 | D:6      | Killed Sigmund
  5293 | D:6      | Reached skill level 6 in Fighting
  5293 | D:6      | Reached skill level 5 in Axes
  5347 | D:6      | Reached *** piety under Trog
  5560 | D:6      | Reached XP level 9. HP: 68/73 MP: 9/9
  6075 | D:7      | Reached skill level 7 in Fighting
  6932 | D:8      | Noticed a two-headed ogre
  6939 | D:8      | Killed a two-headed ogre
  6939 | D:8      | Reached skill level 8 in Fighting
  6939 | D:8      | Reached XP level 10. HP: 82/82 MP: 10/10
  6978 | D:8      | Reached **** piety under Trog
  7149 | D:8      | Noticed othur's ghost (amateur CeFi)
  7152 | D:8      | Killed othur's ghost
  7206 | D:8      | Noticed a two-headed ogre
  7212 | D:8      | Killed a two-headed ogre
  7603 | D:8      | Found a basalt altar of Yredelemnul.
  7683 | D:8      | Found a sacrificial altar of Ru.
  7747 | D:9      | Found a shattered altar of Ashenzari.
  7749 | D:9      | Found a deep blue altar of Sif Muna.
  7749 | D:9      | Found a glowing silver altar of Zin.
  7967 | D:9      | Got a polished leather armour
  7978 | D:9      | Identified the cursed +0 leather armour of Teryl Yll {Str+2 Dex+4} (You found it on level 9 of the Dungeon)
  8381 | D:9      | Found a staircase to the Orcish Mines.
  8398 | D:9      | Found a glowing golden altar of the Shining One.
  8430 | D:9      | Found Xuits's Book Boutique.
  8448 | D:9      | Reached skill level 9 in Fighting
  8664 | Orc:1    | Entered Level 1 of the Orcish Mines
  8665 | Orc:1    | Found a bloodstained altar of Trog.
  8864 | Orc:2    | Entered Level 2 of the Orcish Mines
  8903 | Orc:2    | Noticed an orc knight
  8937 | Orc:2    | Killed an orc knight
  9194 | D:10     | Entered Level 10 of the Dungeon
  9246 | D:9      | Noticed a salamander
  9252 | D:9      | a salamander changed into something unseen
  9647 | D:10     | Reached XP level 11. HP: 91/92 MP: 11/11
  9666 | D:10     | Noticed a fire giant
 10263 | D:10     | Killed a fire giant
 10263 | D:10     | Reached skill level 10 in Fighting
 10593 | D:10     | Reached ***** piety under Trog
 11626 | D:11     | Found a large runed door.
 11655 | D:11     | Found a large runed door.
 11796 | D:11     | Found a staircase to the Lair.
 11861 | D:11     | Found a large runed door.
 11861 | D:11     | Found a large runed door.
 11969 | D:11     | Noticed a green ugly thing
 11977 | D:11     | Killed a green ugly thing
 12011 | D:11     | Noticed a centaur warrior
 12020 | D:11     | Killed a centaur warrior
 12493 | D:11     | Noticed a cyan ugly thing
 12501 | D:11     | Killed a cyan ugly thing
 12501 | D:11     | Reached skill level 10 in Armour
 12775 | D:11     | Noticed a catoblepas
 12781 | D:11     | Killed a catoblepas
 13017 | D:11     | Noticed a white ugly thing
 13023 | D:11     | Killed a white ugly thing
 13023 | D:11     | Reached skill level 11 in Fighting
 13023 | D:11     | Reached skill level 10 in Axes
 13033 | D:11     | Got a slimy arbalest
 13036 | D:11     | Identified the +6 arbalest of Defence {penet, rF+ MP+9 SInv} (You found it on level 11 of the Dungeon)
 13328 | Orc:2    | Found Ivaki's General Store.
 13428 | Orc:2    | Gained mutation: You frequently emit foul miasma when damaged in melee. [demonic ancestry]
 13428 | Orc:2    | Reached XP level 12. HP: 78/103 MP: 12/12
 13504 | Orc:2    | Found a shimmering altar of Xom.
 13548 | Orc:2    | Found a staircase to the Elven Halls.
 14014 | Orc:2    | Noticed an orc high priest
 14343 | Orc:2    | Killed an orc high priest
 14794 | Orc:2    | Noticed an orc high priest
 14814 | Orc:2    | Received a gift from Trog
 14820 | Orc:2    | Killed an orc high priest
 15311 | Orc:2    | Noticed an orc high priest
 15314 | Orc:2    | Killed an orc high priest
 15527 | Orc:2    | Found Qoclaysi's Antique Armour Boutique.
 15535 | Orc:2    | Found Bopaqic's Assorted Antiques.
 15541 | Orc:2    | Found Jytuwn's Antique Armour Emporium.
 15543 | Orc:2    | Found Litor's Weapon Boutique.
 15575 | Orc:2    | Bought a pair of spiked gloves for 218 gold pieces
 15619 | Orc:2    | Identified the cursed +0 pair of gloves of Decompression {*Corrode rElec Str+5 Stlth+} (You bought it in a shop on level 2 of the Orcish Mines)
 15644 | Orc:2    | Bought a jewelled scale mail for 180 gold pieces
 15654 | Orc:2    | Identified the +4 scale mail "Zovixo" {rC+ Int+4} (You bought it in a shop on level 2 of the Orcish Mines)
 15779 | Orc:1    | Reached skill level 12 in Fighting
 16059 | Orc:1    | Found Veucs's Distillery.
 16272 | Orc:2    | Bought a shiny helmet for 150 gold pieces
 16678 | D:12     | Reached skill level 1 in Dodging
 16948 | D:12     | Noticed a two-headed ogre
 16967 | D:12     | Killed a two-headed ogre
 16990 | D:12     | Noticed a two-headed ogre
 17484 | D:12     | Noticed an ogre mage
 17486 | D:12     | Noticed a two-headed ogre
 17493 | D:12     | Noticed a two-headed ogre
 17494 | D:12     | Noticed a two-headed ogre
 17497 | D:12     | Killed an ogre mage
 17501 | D:12     | Killed a two-headed ogre
 17503 | D:12     | Killed a two-headed ogre
 17503 | D:12     | Gained mutation: You have claws for feet. [demonic ancestry]
 17503 | D:12     | Reached XP level 13. HP: 76/112 MP: 13/13
 17504 | D:12     | Mangled by a two-headed ogre

Skill      XL: |  1  2  3  4  5  6  7  8  9 10 11 12 |
---------------+-------------------------------------+-----
Axes           | 2 3 4 5 7 8 10 11 | 11.3
Shields        | 3 4 5 6 |  6.4
Armour         | 3 4 5 6 7 8 10 11 | 11.5
Fighting       | 4 5 6 8 9 11 12 | 12.4
Dodging        | 2 |  2.5

Action                   |  1- 3 |  4- 6 |  7- 9 | 10-12 | 13-15 || total
-------------------------+-------+-------+-------+-------+-------++-------
Melee: War axe           |   141 |   170 |   191 |       |       ||   502
       Kick              |       |    48 |    93 |   167 |       ||   308
       Hand axe          |       |       |    71 |   195 |       ||   266
       Great mace        |       |       |       |   307 |     1 ||   308
Invok: Berserk           |       |       |     6 |    15 |       ||    21
       Trog's Hand       |       |       |     2 |    17 |       ||    19
Evoke: Wand              |       |       |       |     7 |       ||     7
  Use: Potion            |       |     1 |       |    10 |       ||    11
       Scroll            |       |     7 |     6 |    11 |       ||    24
  Eat: Chunk             |    17 |     7 |    22 |    53 |       ||    99
Armor: Plate armour      |   131 |   113 |   124 |   298 |       ||   666
       Scale mail        |       |       |       |   103 |     1 ||   104
Dodge: Dodged            |    16 |    24 |    31 |   190 |       ||   261
Block: Shield            |    88 |    92 |   121 |   119 |       ||   420
